 Dungeon Crawl Stone Soup version 0.20-a0-738-gb057e68 (webtiles) character file.

23 AlphabetPasta the Gusty (level 2, 0/25 HPs)
             Began as a Tengu Wanderer on Feb 23, 2017.
             Succumbed to an adder's poison
             ... on level 2 of the Dungeon.
             The game lasted 00:04:53 (1077 turns).

AlphabetPasta the Gusty (Tengu Wanderer)            Turns: 1077, Time: 00:04:54

Health: 0/25       AC: 21    Str: 15    XL:     2   Next: 95%
Magic:  2/5        EV:  2    Int: 10    God:
Gold:   3          SH:  0    Dex: 12    Spells: 3/4 levels left

rFire    . . .     SeeInvis .   c - +0 mace
rCold    . . .     Gourm    .   (armour currently unavailable)
rNeg     + + +     Faith    .   (no shield)
rPois    +         Spirit   .   (helmet currently unavailable)
rElec    .         Reflect  .   (cloak currently unavailable)
rCorr    .         Harm     .   (gloves currently unavailable)
MR       .....     NoTele   +   (boots unavailable)
Stlth    ++........             (no amulet)
Regen    0.1/turn               (no ring)
MPRegen  0.1/turn               (no ring)

@: lethally poisoned (0 -> -1), tree-form, very slightly contaminated, hasted,
very quick
A: (beak), (talons 0)
a: no special abilities


You were on level 2 of the Dungeon.
You were not hungry.
You were a tree.
You visited 1 branch of the dungeon, and saw 2 of its levels.

You collected 3 gold pieces.

Inventory:

Hand Weapons
 c - a +0 mace (weapon)
Armour
 d - a +0 robe (melded)
 k - a +0 pair of gloves (melded)
Scrolls
 e - 2 scrolls of identify
Books
 a - a book of Minor Magic

   Spells                             Type                      Level
   a - Magic Dart                     Conjuration                  1
   b - Blink                          Translocation                2
   c - Call Imp                       Summoning                    2
   d - Slow                           Hexes                        2
   e - Conjure Flame                  Conjuration/Fire             3
   f - Mephitic Cloud                 Conjuration/Poison/Air       3
Comestibles
 f - a bread ration
 h - 2 royal jellies


   Skills:
 + Level 2.0 Fighting
 + Level 1.8 Maces & Flails
 - Level 1.0 Throwing
 + Level 0.9 Dodging
 + Level 1.2 Stealth
 * Level 1.5 Spellcasting
 * Level 1.1 Conjurations
   Level 1.3 Hexes
   Level 2.6 Air Magic


You had 3 spell levels left.
You knew the following spells:

 Your Spells              Type           Power        Failure   Level  Hunger
a - Magic Dart            Conj           #...         21%         1    ##.....


Dungeon Overview and Level Annotations

Branches:
Dungeon (2/15)

Altars:


Innate Abilities, Weirdness & Mutations

((You have a beak for a mouth.))
((You have claws for feet.))


Message History

You feel sick.
You see here a potion of lignification.
b - a potion of lignification You turn into a tree.
Your +0 pair of gloves melds into your body.
Your +0 robe melds into your body.
Your roots penetrate the ground.
There is a lethal amount of poison in your body!
* * * LOW HITPOINT WARNING * * *
You feel sick.
Unknown command.
Unknown command.
* * * LOW HITPOINT WARNING * * *
You feel sick.
Unknown command.
Unknown command.
* * * LOW HITPOINT WARNING * * *
You feel sick.
* * * LOW HITPOINT WARNING * * *
You feel sick.
You die...

.. ##.# #..
#######.#
#.......#####
#.###.......#
#.#.#.......#
........###.#
#......♣.##.####
#......#<.......
.......#.##.####
.#.##.<.....# #.
#.......# .
##.....# #.....#
#.....# #.....#


There were no monsters in sight!

Vanquished Creatures
  An adder (D:2)
  3 bats (D:1)
  2 giant cockroaches (D:1)
  A hobgoblin (D:1)
  A ball python (D:1)
  A frilled lizard (D:1)
  2 goblins (D:1)
  A kobold (D:1)
  2 rats (D:1)
14 creatures vanquished.

Notes
Turn   | Place    | Note
-------+----------+-------------------------------------------
     0 | D:1      | AlphabetPasta the Tengu Wanderer began the quest for the Orb.
     0 | D:1      | AlphabetPasta set off with: a book of Minor Magic, a potion of lignification, a +0 mace, a +0 robe, a bread ration
     0 | D:1      | Reached XP level 1. HP: 12/12 MP: 3/3
     2 | D:1      | Learned a level 1 spell: Magic Dart
   601 | D:1      | Reached XP level 2. HP: 17/17 MP: 1/4
  1049 | D:2      | Reached skill level 1 in Conjurations
  1066 | D:2      | HP: 1/25 [poisoned by an adder]
  1071 | D:2      | HP: 1/25 [poisoned by an adder]
  1077 | D:2      | Succumbed to an adder's poison

Vault maps used:
D:1:      noname_arrival_rooms_in_the_neighbourhood
D:2:      chequers_ecumenical_altar_simple

Skill      XL: |  1  2 |
---------------+-------+-----
Conjurations   | 1 |  1.1
Fighting       | |  2.0
Maces & Flails | |  1.8
Throwing       | |  1.0
Dodging        | |  0.9
Stealth        | |  1.2
Spellcasting   | |  1.5
Hexes          | |  1.3
Air Magic      | |  2.6

Action                   || total
-------------------------++-------
Melee: Mace              ||    29
       Peck              ||     4
       Kick              ||     4
 Cast: Magic Dart        ||    23
  Use: Scroll            ||     3
       Potion            ||     2
 Stab: Sleeping          ||     1
  Eat: Chunk             ||     2
Armor: Robe              ||     9
Dodge: Dodged            ||    22
